Map: 湮灭快车

Players

邀月

  • Race: Protoss Protoss
  • League: Master
  • Spawn Location: 12:00

bestwar

  • Race: Terran Terran
  • Spawn Location: 0:00

VOD

Have the link to the VOD?

Description

Time

  • Played on: March 1, 2018, 2:34 a.m.
  • Length: 23:43
Show
View Real Time Build Order
Export as new Build Order

邀月 Protoss 

Build Orders:  

Get SALT Encoding   

  12  0:04  Probe (Chrono Boost)  
  13  0:16  Probe (Chrono Boost)  
  14  0:28  Probe (Chrono Boost)  
  15  0:34  Pylon  
  16  0:40  Probe (Chrono Boost)  
  16  0:48  Assimilator  
  16  0:52  Probe (Chrono Boost)  
  17  1:01  Gateway  
  17  1:04  Probe (Chrono Boost)  
  18  1:12  Assimilator  
  18  1:17  Probe (Chrono Boost)  
  19  1:29  Probe (Chrono Boost)  
  20  1:31  Forge  
  20  1:42  Probe (Chrono Boost)  
  21  1:54  Probe (Chrono Boost)  
  22  2:01  Legionnaire  
  25  2:10  Kaldalis' A.I. Personality  
  26  2:22  Probe (Chrono Boost)  
  26  2:39  Robotics Facility  
  26  2:47  Robotics Bay  
  27  2:54  Probe (Chrono Boost)  
  27  3:16  Purifier Armaments  
  27  3:21  Nexus  
  27  3:33  Taldarin's A.I. Personality  
  28  3:43  Probe (Chrono Boost)  
  29  4:01  Probe (Chrono Boost)  
  29  4:15  Warbringer's A.I. Personality  
  29  4:17  Probe (Chrono Boost)  
  30  4:20  Immortal  
  30  4:29  Fleet Beacon  
  35  4:42  Probe (Chrono Boost)  
  35  4:43  Gravimetric Overload  
  35  4:59  Probe (Chrono Boost)  
  36  5:08  Observation Protocol  
  37  5:15  Colossus, Probe (Chrono Boost)  
  44  5:20  Probe (Chrono Boost)  
  44  5:27  Stargate  
  44  5:32  Probe (Chrono Boost)  
  44  5:37  Pylon  
  45  5:53  Clolarion's A.I. Personality  
  45  5:55  Probe (Chrono Boost)  
  45  5:57  Purification Blast  
  46  6:06  Cybernetics Core  
  46  6:07  Probe (Chrono Boost)  
  48  6:10  Twilight Council, Probe (Chrono Boost)  
  48  6:19  Probe (Chrono Boost)  
  49  6:26  Carrier  
  49  6:27  Probe (Chrono Boost)  
  49  6:29  Interdictors  
  50  6:30  Probe (Chrono Boost)  
  51  6:45  Protoss Ground Weapons Level 1, Probe (Chrono Boost)  
  53  6:50  Assimilator, Probe (Chrono Boost)  
  53  6:55  Assimilator  
  53  6:59  Probe (Chrono Boost)  
  54  7:05  Warp Gate  
  54  7:07  Probe (Chrono Boost)  
  61  7:15  Probe (Chrono Boost)  
  63  7:24  Probe (Chrono Boost)  
  63  7:29  Robotics Facility  
  64  7:31  Robotics Facility  
  64  7:32  Probe (Chrono Boost)  
  64  7:35  Pylon  
  65  7:41  Probe (Chrono Boost)  
  65  7:49  Probe (Chrono Boost)  
  66  7:59  Combat Sensor Array  
  66  8:00  Immortal  
  66  8:02  Pylon  
  70  8:10  Talis' A.I. Personality, Pylon, Empowered Blades  
  70  8:16  Gateway  
  70  8:17  Scout  
  70  8:18  Gateway  
  75  8:31  Probe (Chrono Boost)  
  75  8:33  Probe (Chrono Boost)  
  75  8:43  Immortal  
  75  8:47  Immortal  
  83  8:59  Debilitation System  
  83  9:05  Scout  
  83  9:07  Immortal  
  90  9:23  Pylon  
  90  9:36  Pylon  
  90  9:39  Pylon  
  90  9:50  Conservator  
  90  9:51  Immortal  
  90  9:55  Protoss Ground Weapons Level 2  
  96  10:01  Immortal  
  96  10:02  Protoss Air Weapons Level 1  
  100  10:11  Immortal  
  100  10:14  Psionic Projection  
  100  10:17  Gateway  
  104  10:20  Gateway  
  104  10:24  Pylon  
  104  10:26  Conservator, Pylon  
  101  10:37  Adept  
  103  10:40  Mojo's A.I. Personality  
  103  10:46  Immortal  
  104  11:00  Conservator  
  104  11:16  Legionnaire  
  104  11:17  Legionnaire x2  
  113  11:39  Immortal x2  
  119  11:55  Pylon  
  119  11:57  Pylon  
  116  12:03  Protoss Air Weapons Level 2  
  116  12:07  Immortal  
  120  12:10  Scout  
  120  12:16  Adept  
  120  12:17  Adept  
  127  12:27  Pylon  
  127  12:41  Adept  
  127  12:42  Immortal, Legionnaire  
  133  12:54  Immortal  
  134  13:01  Stargate  
  134  13:18  Probe (Chrono Boost)  
  135  13:27  Scout  
  138  13:31  Suppression Procedure  
  138  13:36  Observer  
  134  13:49  Observer  
  135  13:54  Immortal  
  139  14:02  Pylon  
  139  14:04  Scout x2  
  145  14:22  Immortal  
  145  14:23  Immortal  
  145  14:26  Extended Thermal Lance  
  145  14:27  Pylon  
  150  14:41  Scout x2  
  156  14:50  Conservator, Pylon  
  156  14:54  Protoss Ground Weapons Level 3  
  156  15:20  Carrier  
  156  15:24  Scout x2, Protoss Air Weapons Level 3  
  162  15:35  Pylon  
  162  15:54  Carrier  
  166  16:30  Legionnaire x4  
  178  16:50  Pylon  
  172  17:11  Scout  
  172  17:14  Immortal x3  
  178  17:28  Conservator  
  179  18:11  Colossus x2  
  179  18:13  Scout  
  188  18:28  Legionnaire x2  
  186  19:02  Colossus  
  186  19:07  Pylon  
  188  19:17  Conservator  
  188  19:37  Adept x2  
  188  19:38  Adept, Pylon  
  188  19:39  Legionnaire x2  
  200  19:43  Pylon  
  200  20:05  Scout  
  199  20:14  Scout  
  181  20:57  Immortal x3  
  193  21:02  Legionnaire x2  
  195  21:44  Pylon  
  195  21:50  Pylon  
  195  22:11  Immortal  
  196  22:32  Legionnaire  
  198  23:16  Adept  
Show
View Real Time Build Order
Export as new Build Order

bestwar Terran 

Build Orders:  

Get SALT Encoding   

Tags
 
Commander
FenixRaynor
League
Master
Matchup
Co-op
Replay Pack
Co-op Speedrun
Add a new tag
Caveats
  • Supply blocks, unpowered buildings, or Contaminate may cause inaccurate times.
  • Supply counts are checked every 10 seconds.